 Dungeon Crawl Stone Soup version 0.19-a0-1891-ge1d1fe8 (webtiles) character file.

9 Minion the Sneak (level 2, -1/22 HPs)
             Began as a Formicid Assassin on Oct 18, 2016.
             Slain by a sky beast (5 damage)
             ... on level 10 of the Dungeon.
             The game lasted 00:00:54 (254 turns).

Minion the Sneak (Formicid Assassin)                 Turns: 254, Time: 00:00:55

Health: -1/22      AC:  3    Str: 15    XL:     2   Next: 20%
Magic:  2/2        EV: 11    Int: 10    God:
Gold:   0          SH:  0    Dex: 12    Spells: 0 memorised, 1 level left

rFire  . . .     SeeInvis +     a - +2 dagger
rCold  . . .     Gourm    .     c - +0 robe
rNeg   . . .     Faith    .     (no shield)
rPois  .         Spirit   .     (helmet unavailable)
rElec  .         Reflect  .     d - +0 cloak
rCorr  .         Harm     .     (no gloves)
MR     .....                    (no boots)
Stlth  +++.......               (no amulet)
                                (no ring)
                                (no ring)

@: no status effects
A: permanent stasis, dig shafts and tunnels, four strong arms, antennae 3
a: Dig, Shaft Self


You were on level 10 of the Dungeon.
You were not hungry.

You visited 1 branch of the dungeon, and saw 6 of its levels.

Inventory:

Hand Weapons
 a - a +2 dagger (weapon)
 b - a +0 blowgun
Missiles
 e - 8 poisoned needles
 f - 2 curare-tipped needles
Armour
 c - a +0 robe (worn)
 d - a +0 cloak (worn)
Comestibles
 g - a bread ration


   Skills:
 - Level 2.1 Fighting
 + Level 2.4 Short Blades
 - Level 2.0 Throwing
 - Level 0.8 Dodging
 + Level 5.2 Stealth


You had one spell level left.
You didn't know any spells.

Dungeon Overview and Level Annotations

Branches:
Dungeon (5/15)
 Temple: D:4-7

Altars:
Vehumet


Innate Abilities, Weirdness & Mutations

You are under a permanent stasis effect.
You can dig through walls and to a lower floor.
Your four strong arms can wield two-handed weapons with a shield.
You have a pair of large antennae on your head. (SInv)


Message History

Found 17 gold pieces and a long sword.
Found a stone staircase leading down.
The helpless sky beast fails to defend itself.
You impale the sky beast!!
The sky beast is severely wounded.
You hit the sky beast.
The sky beast is severely wounded.
The sky beast closely misses you.
You hit the sky beast.
The sky beast is severely wounded.
The sky beast hits you. The sky beast shocks you.
You hit the sky beast.
The sky beast is almost dead.
The sky beast hits you. The sky beast shocks you.
* * * LOW HITPOINT WARNING * * *
You completely miss the sky beast.
The sky beast is almost dead.
The sky beast hits you.
* * * LOW HITPOINT WARNING * * *
The sky beast shocks you.
You die...

+### .....
.#..##Y######
.......@....#
#.....>.....#
..#.........#
#..)$.....#
#.........#
...........#
.....########
.#...


You could see a sky beast.

Vanquished Creatures
  An adder (D:2)
1 creature vanquished.

Notes
Turn   | Place    | Note
-------+----------+-------------------------------------------
     0 | D:1      | Minion the Formicid Assassin began the quest for the Orb.
     0 | D:1      | Reached XP level 1. HP: 16/16 MP: 1/1
     3 | D:1      | You fall through a shaft!
     7 | D:2      | Reached skill level 5 in Stealth
     7 | D:2      | Reached XP level 2. HP: 22/22 MP: 2/2
    10 | D:2      | You fall through a shaft!
    10 | D:3      | Found a radiant altar of Vehumet.
    15 | D:3      | You fall through a shaft for 2 floors!
    15 | D:5      | Entered Level 5 of the Dungeon
   237 | D:5      | You fall through a shaft for 3 floors!
   240 | D:8      | You fall through a shaft for 2 floors!
   240 | D:10     | Entered Level 10 of the Dungeon
   240 | D:10     | Noticed a sky beast
   254 | D:10     | Slain by a sky beast

Vault maps used:
D:1:      lightli_arrival_statue_moat, minmay_crystal_room
D:2:      cheibriados_altar_1, grunt_temple_overflow_diamond, first_bread,
          makhleb_heckhound_becter
D:3:      fiery_altar_vehumet, overflow_temple_1_default, gup_sewer_entry_glass,
          grunt_dithmenos_smoke
D:5:      wad_lake_hut, serial_shops, shop, dk_vineyard_2, uniq_sigmund,
          uniq_eustachio
D:8:      serial_shops, nicolae_shop_waterfront
D:10:     dpeg_oklobed_lair, roderic_lattice_a

Skill      XL: |  1 |
---------------+----+-----
Stealth        | 5 |  5.2
Fighting       | |  2.1
Short Blades   | |  2.4
Throwing       | |  2.0
Dodging        | |  0.8

Action                   || total
-------------------------++-------
Melee: Dagger            ||     7
 Abil: Shaft Self        ||     5
 Stab: Sleeping          ||     2
Armor: Robe              ||     1
Dodge: Dodged            ||     2
